 Dungeon Crawl Stone Soup version 0.23-a0-78-gc252fe1 (webtiles) character file.

20036 Amnesiac the Summoner (level 12, -17/74 HPs)
             Began as a Mummy Summoner on Aug 10, 2018.
             Was an Initiate of Gozag.
             Killed from afar by a deep elf mage (19 damage)
             ... with a bolt of lightning
             ... on level 1 of the Orcish Mines.
             The game lasted 00:49:22 (16245 turns).

Amnesiac the Summoner (Mummy Summoner)             Turns: 16245, Time: 00:49:23

Health: -17/74     AC: 13    Str: 12    XL:     12   Next: 41%
Magic:  24/27      EV: 11    Int: 18    God:    Gozag
Gold:   3580       SH:  0    Dex: 13    Spells: 19/33 levels left

rFire    x . .     SeeInvis +   a - +3 bardiche (venom)
rCold    + . .     Gourm    .   (shield currently unavailable)
rNeg     + + +     Faith    .   r - +0 troll leather armour {Purgy}
rPois    ∞         Spirit   .   o - +0 helmet {SInv}
rElec    .         Reflect  .   B - +2 cloak {+Inv}
rCorr    +         Harm     .   C - +2 pair of gloves
MR       +....                  n - +1 pair of boots
Stlth    ++........             (no amulet)
HPRegen  0.62/turn              u - ring of resist corrosion
MPRegen  0.20/turn              (no ring)

@: about to teleport
A: no food or potions, fire vulnerability, cold resistance 1, negative energy
resistance 3, torment resistance, unbreathing
a: Potion Petition, Call Merchant, Bribe Branch, Renounce Religion, Evoke
Invisibility


You were on level 1 of the Orcish Mines.
You worshipped Gozag.
Gozag was most pleased with you.
You were not hungry.

You visited 3 branches of the dungeon, and saw 15 of its levels.
You also visited: Sewer.

You collected 4412 gold pieces.
You spent 675 gold pieces at shops.
You paid 157 gold pieces to Gozag.

Inventory:

Hand Weapons
 a - a +3 bardiche of venom (weapon)
 s - a +0 glaive
Armour
 n - a +1 pair of boots (worn)
 o - a +0 helmet of see invisible (worn)
 r - a +0 troll leather armour (worn) {Purgy}
 t - a +1 robe of fire resistance
 y - a +0 buckler
 B - a +2 cloak of invisibility (worn)
 C - a +2 pair of gloves (worn)
Magical Staves
 g - an uncursed staff of wizardry
Jewellery
 l - an uncursed ring of teleportation
 u - a ring of resist corrosion (left hand)
Wands
 j - a wand of iceblast (11)
 k - a wand of flame (52)
 v - a wand of scattershot (4)
 w - a wand of random effects (32)
 x - a wand of enslavement (1)
 A - a wand of acid (8)
Scrolls
 c - 2 scrolls of identify {!r}
 d - 2 scrolls of amnesia {!r}
 e - 9 scrolls of enchant armour {!r}
 f - 3 scrolls of teleportation {!r}
 h - 2 scrolls of enchant weapon {!r}
 i - a scroll of silence {!r}
 m - 3 scrolls of remove curse {!r}
 p - a scroll of fear {!r}
 q - 5 scrolls of magic mapping {!r}
 z - 4 scrolls of fog {!r}


   Skills:
 * Level 11.2 Polearms
 - Level 1.5 Dodging
 - Level 1.5 Stealth
 + Level 11.2 Spellcasting
 * Level 11.3 Summonings


You had 19 spell levels left.
You knew the following spells:

 Your Spells              Type           Power        Failure   Level  Hunger
a - Call Imp              Summ           ######..     1%          2    N/A
b - Call Canine Familiar  Summ           ######..     1%          3    N/A
c - Summon Small Mammal   Summ           ####         1%          1    N/A
d - Summon Lightning Spi  Summ/Air       ####....     9%          4    N/A
e - Summon Ice Beast      Ice/Summ       ####....     9%          4    N/A

Your spell library contained the following spells:

 Spells                   Type           Power        Failure   Level  Hunger
 Fireball                 Conj/Fire      ##........   94%         5    N/A
 Apportation              Tloc           ##....       9%          1    N/A
 Conjure Flame            Conj/Fire      ##......     26%         3    N/A
 Bolt of Magma            Conj/Fire/Erth ##........   94%         5    N/A
 Confuse                  Hex            ##......     26%         3    N/A
 Throw Flame              Conj/Fire      ##....       14%         2    N/A
 Animate Skeleton         Necr           N/A          9%          1    N/A
 Sticky Flame             Conj/Fire      ##......     65%         4    N/A
 Iron Shot                Conj/Erth      ##........   100%        6    N/A
 Statue Form              Tmut/Erth      ##.......    100%        6    N/A
 Confusing Touch          Hex            ##....       9%          1    N/A
 Flame Tongue             Conj/Fire      ##...        9%          1    N/A
 Metabolic Englaciation   Hex/Ice        ##........   94%         5    N/A
 Shatter                  Erth           ##........   100%        9    N/A
 Petrify                  Tmut/Erth      ##......     65%         4    N/A
 Leda's Liquefaction      Hex/Erth       ##........   65%         4    N/A
 Inner Flame              Hex/Fire       ##......     26%         3    N/A
 Summon Guardian Golem    Hex/Summ       ####....     2%          3    N/A
 Gell's Gravitas          Tloc           ##........   26%         3    N/A
 Yara's Violent Unravell  Hex/Tmut       ##........   94%         5    N/A

Dungeon Overview and Level Annotations

Branches:
Dungeon (12/15)            Temple (1/1) D:7            Lair (0/6) D:10
    Orc (2/2) D:12            Elf (0/3) Orc:2

Altars:
Ashenzari
Cheibriados
Dithmenos
Elyvilon
Fedhas
Gozag
Hepliaklqana
Kikubaaqudgha
Makhleb
Nemelex Xobeh
Okawaru
Qazlal
Ru
Sif Muna
Trog
Uskayaw
Vehumet
Wu Jian
Xom
Yredelemnul
Zin
The Shining One

Shops:
D:5 :   D:12 [(:}   Orc:1 (   Orc:2 [%}[


Innate Abilities, Weirdness & Mutations

You do not eat or drink.
Your flesh is vulnerable to fire.
You are immune to poison.
Your flesh is cold resistant. (rC+)
You are immune to negative energy. (rN+++)
You are immune to unholy pain and torment.
You can survive without breathing.


Message History

A deep elf mage comes into view. It is wielding a long sword.
Found 33 gold pieces.
The deep elf mage is distracted by the nearby gold.
The deep elf mage shouts!
You hear a shout!
The deep elf mage is no longer distracted by gold.
The deep elf mage mumbles some strange words.
An orc priest comes into view. It is wielding a flail.
The orc priest shouts!
Found 32 gold pieces.
The deep elf mage casts a spell.
The deep elf mage gestures wildly while chanting.
The deep elf mage blinks!
The orc zaps a wand.
The puff of flame hits you!
It is a wand of flame (24).
The orc zaps a wand.
The puff of flame misses you.
Things that are here:
7 gold pieces; a dagger; a robe
Items here: $ ) / [ 14 gold pieces; a robe; a wand of flame (28); a hand axe The orc zaps a wand.
The puff of flame hits you! The fire burns you terribly!
Things that are here:
5 gold pieces; a mace; a leather armour
Items here: $ ( )))) [[
Items here: )))))) [[[[[
Things that are here:
a dagger; a robe
Casting: Summon Lightning Spire (safe; 9% risk of failure)
Confirm with . or Enter, or press ? or * to list all spells.
Aiming: Summon Lightning Spire (safe; 9% risk of failure)
Press: ? - help, Dir - move target cursor An electric hum fills the air.
The fire elemental hits you. The fire elemental burns you!
The fire burns you terribly!
You hit the fire elemental.
The fire elemental is lightly damaged.
The fire elemental hits you. The fire elemental burns you!
The fire burns you terribly!
The fire elemental completely misses you.
The fire elemental hits you. The fire elemental burns you!
The fire burns you terribly!
Really read
f - 5 scrolls of teleportation {!r}?
As you read the scroll of teleportation {!r}, it crumbles to dust.
You feel strangely unstable. The fire elemental hits you.
The fire elemental burns you! The fire burns you terribly!
* * * LOW HITPOINT WARNING * * *
The fire elemental closely misses you.
Your lightning spire shoots out a bolt of lightning at the fire elemental!
The bolt of electricity hits the fire elemental.
The fire elemental resists.
The bolt of electricity hits the fire elemental.
The fire elemental resists.
The bolt of electricity hits your lightning spire.
Your lightning spire completely resists.
The fire elemental hits you. The fire elemental burns you!
The fire burns you terribly!
* * * LOW HITPOINT WARNING * * *
Your surroundings suddenly seem different.
Really read
f - 4 scrolls of teleportation {!r}?
As you read the scroll of teleportation {!r}, it crumbles to dust.
You feel strangely unstable. The deep elf mage casts a spell at you.
The bolt of lightning hits you!
* * * LOW HITPOINT WARNING * * *
The bolt of lightning hits you!
You die...
Your body crumbles into a pile of gold.

##.##......
#..........
###..........
###.##.....#...
##...$$....#....
###.o..##§E8......
##...e.##.EE.......
#..$.$e.##.........
##@#.....##(##.....
#...o...#####......
# #......$##
#....... ##$
##.......# ##...#..
#... ##..$#.##
#......
#...#e...###
##..... #.......##
###... #...$#...#
#... .#...##..#
#...


You could see 2 deep elf magi, an orc wizard and an orc.

Vanquished Creatures
  Sonja (D:10)
  2 two-headed ogres
  An ugly thing (D:11)
  A gargoyle (D:12)
  A tengu conjurer (D:10)
  A queen bee (D:12)
  2 hornets
  The ghost of galech the Chopper, an amateur DsFi (D:4)
  2 hippogriffs
  A vampire (D:12)
  9 yaks
  2 hungry ghosts
  A vampire mosquito (D:12)
  Purgy (Sewer)
  10 orc warriors
  A black bear (D:12)
  A swamp drake (Orc:1)
  A sky beast (D:10)
  A hornet zombie (D:9)
  An ice beast (D:6)
  5 phantoms
  5 ogres
  3 centaurs
  3 big kobolds
  5 bullfrogs
  3 scorpions
  3 troll zombies (D:12)
  2 killer bees
  3 wights (D:9)
  A howler monkey (D:11)
  3 crimson imps
  A centaur zombie (D:10)
  A bullfrog zombie (D:12)
  Crazy Yiuf (D:2)
  5 hounds
  11 orc priests
  An iron imp (Orc:1)
  2 jellies
  10 orc wizards
  2 bullfrog skeletons
  A centaur skeleton (D:8)
  4 iguanas
  Terence (D:3)
  4 worker ants
  2 ogre zombies (D:12)
  A hound skeleton (D:11)
  A worker ant zombie (D:7)
  7 gnolls
  3 adders
  An ooze (D:3)
  5 worms
  A dart slug (D:1)
  2 leopard geckos
  43 orcs
  5 ball pythons
  7 bats
  A giant cockroach (D:8)
  3 goblins
  5 hobgoblins
  3 jackals (D:5)
  4 quokkas
  5 frilled lizards
  2 goblin zombies (D:12)
  A hobgoblin skeleton (D:12)
  A hobgoblin zombie (D:12)
  50 kobolds
  A leopard gecko zombie (D:7)
  2 orc skeletons (D:12)
  13 orc zombies (D:12)
  A quokka zombie (D:8)
  5 rats
296 creatures vanquished.

Vanquished Creatures (collateral kills)
  Gastronok (D:10)
  Harold (D:8)
  A two-headed ogre (Orc:2)
  4 orc high priests (Orc:2)
  Pikel (D:8)
  6 orc knights
  An ugly thing (D:12)
  A cyclops (D:12)
  A manticore (D:11)
  A centaur zombie (D:10)
  The ghost of TheNamelessOne the Chopper, a novice HuFi of Qazlal (D:5)
  2 gargoyles
  A troll (D:11)
  3 slime creatures (D:10)
  Prince Ribbit (D:8)
  A vampire (D:12)
  A wyvern (D:8)
  8 yaks
  A vampire mosquito (D:12)
  A warg (Orc:2)
  A water moccasin (D:8)
  2 porcupines (D:10)
  An ice beast (D:6)
  21 orc warriors
  2 sky beasts
  A slave (D:8)
  An eye of draining (D:12)
  3 ogres
  5 centaurs
  A bullfrog (D:8)
  A water moccasin skeleton (D:10)
  2 scorpions (D:6)
  A troll zombie (D:12)
  20 killer bees
  2 howler monkeys
  A crimson imp (D:12)
  14 orc priests
  A bullfrog skeleton (D:12)
  A hound (D:8)
  11 orc wizards
  An iguana (D:5)
  2 worker ants
  A killer bee zombie (D:8)
  A hound zombie (D:8)
  3 gnolls (D:4)
  6 adders
  An adder skeleton (D:8)
  36 orcs
  2 bats
  2 giant cockroaches
  A goblin (D:3)
  2 kobolds
  A quokka (D:4)
  2 ball pythons
  2 quokka skeletons
  A fungus (D:10)
  A plant (D:10)
195 creatures vanquished.

Vanquished Creatures (others)
  An orc knight (Orc:2)
  A centaur (D:12)
  A white imp (Orc:1)
  An orc (Orc:1)
  15 fungi (D:10)
  10 plants
  4 withered plants (D:5)
33 creatures vanquished.

Grand Total: 524 creatures vanquished

Notes
Turn   | Place    | Note
-------+----------+-------------------------------------------
     0 | D:1      | Amnesiac the Mummy Summoner began the quest for the Orb.
     0 | D:1      | Reached XP level 1. HP: 13/13 MP: 4/4
   118 | D:2      | Found a sparkling altar of Nemelex Xobeh.
   129 | D:2      | Reached XP level 2. HP: 17/19 MP: 3/6
   152 | D:2      | Learned a level 2 spell: Call Imp
   179 | D:2      | Reached XP level 3. HP: 9/24 MP: 1/8
   184 | D:2      | Learned a level 3 spell: Call Canine Familiar
   425 | D:4      | Noticed an ogre
   447 | D:4      | Killed an ogre
   447 | D:4      | Reached XP level 4. HP: 30/30 MP: 1/10
   524 | D:4      | Found an ancient bone altar of Kikubaaqudgha.
  1005 | D:4      | Reached XP level 5. HP: 15/35 MP: 1/11
  1863 | D:4      | Reached skill level 5 in Summonings
  2257 | D:5      | Entered Level 5 of the Dungeon
  2258 | D:5      | Found Unulumu's Book Boutique.
  2310 | D:5      | Reached skill level 5 in Spellcasting
  2408 | D:5      | Found a runed gate.
  2430 | D:5      | Found a glowing drain.
  2456 | Sewer    | Entered a sewer
  2579 | Sewer    | Reached XP level 6. HP: 32/41 MP: 10/13
  2691 | Sewer    | Noticed Purgy
  2728 | Sewer    | Killed Purgy
  2918 | D:5      | Found a runed gate.
  2918 | D:5      | Found a runed gate.
  2918 | D:5      | Noticed galech's ghost (amateur DsFi)
  2918 | D:5      | Noticed TheNamelessOne's ghost (novice HuFi)
  3170 | D:6      | Noticed an ice beast
  3249 | D:6      | Killed an ice beast
  3468 | D:6      | Reached XP level 7. HP: 43/46 MP: 11/15
  3533 | D:6      | Learned a level 4 spell: Summon Lightning Spire
  3538 | D:6      | Learned a level 4 spell: Summon Ice Beast
  3642 | D:6      | Reached skill level 1 in Polearms
  4318 | D:7      | Got a distressingly furry leather armour
  4329 | D:7      | Identified the +1 leather armour "Oqynac" {rPois rC+ Int-4} (You found it on level 7 of the Dungeon)
  4394 | D:7      | Found a staircase to the Ecumenical Temple.
  4408 | D:7      | Reached XP level 8. HP: 23/52 MP: 12/17
  4411 | D:7      | Got a pair of pitted gloves
  4419 | D:7      | Identified the +3 pair of gloves "Iti Ebbe" {*Corrode +Inv Regen+} (You found it on level 7 of the Dungeon)
  4420 | Temple   | Entered the Ecumenical Temple
  4612 | Temple   | Became a worshipper of Gozag Ym Sagoz the Greedy
  5110 | D:1      | Found a snail-covered altar of Cheibriados.
  5595 | D:2      | Found a sacrificial altar of Ru.
  5635 | D:2      | Found a runed door.
  5855 | D:2      | Noticed Crazy Yiuf
  5861 | D:2      | Killed Crazy Yiuf
  6013 | D:3      | Found a stormy altar of Qazlal.
  6014 | D:3      | Noticed an air elemental
  6129 | D:3      | Noticed Terence
  6137 | D:3      | Killed Terence
  6382 | D:3      | Reached skill level 5 in Polearms
  7379 | D:4      | Killed galech's ghost
  7463 | D:5      | Killed TheNamelessOne's ghost
  7733 | D:7      | Reached XP level 9. HP: 57/57 MP: 17/19
  8245 | D:8      | Noticed Prince Ribbit
  8392 | D:8      | Noticed Pikel
  8419 | D:8      | Killed Pikel
  8459 | D:8      | Killed Prince Ribbit
  8668 | D:8      | Noticed Harold
  8707 | D:8      | Killed Harold
  8858 | D:8      | Found an iron altar of Okawaru.
  8859 | D:8      | Found a deep blue altar of Sif Muna.
  8859 | D:8      | Found a blossoming altar of Fedhas.
  8869 | D:8      | Found a burning altar of Makhleb.
  9143 | D:9      | Found a radiant altar of Vehumet.
  9314 | D:9      | Reached XP level 10. HP: 23/63 MP: 18/22
  9929 | D:10     | Entered Level 10 of the Dungeon
 10103 | D:10     | Noticed Gastronok
 10160 | D:10     | Killed Gastronok
 10181 | D:10     | Noticed a two-headed ogre
 10196 | D:10     | Killed a two-headed ogre
 10424 | D:10     | Found a staircase to the Lair.
 10715 | D:10     | Noticed Sonja
 10737 | D:10     | Reached XP level 11. HP: 46/68 MP: 22/24
 10818 | D:10     | Killed Sonja
 11588 | D:11     | Noticed a green ugly thing
 11597 | D:11     | Killed a red ugly thing
 12313 | D:12     | Found Gaxiesom's Gadget Shoppe.
 12357 | D:12     | Reached skill level 10 in Summonings
 12389 | D:12     | Found Aqaf's Book Emporium.
 12459 | D:12     | Reached skill level 10 in Spellcasting
 12476 | D:12     | Reached skill level 10 in Polearms
 12688 | D:12     | Found Xem Coic's Antique Armour Shoppe.
 12900 | D:12     | Found a staircase to the Orcish Mines.
 13387 | D:12     | Noticed a red ugly thing
 13405 | D:12     | Killed a red ugly thing
 13412 | D:12     | Found Sinkausi's Antique Weapon Shoppe.
 13638 | Orc:1    | Entered Level 1 of the Orcish Mines
 13641 | Orc:1    | Found Efosenwu's Weapon Shoppe.
 13826 | Orc:2    | Entered Level 2 of the Orcish Mines
 13830 | Orc:2    | Noticed a two-headed ogre
 13849 | Orc:2    | Noticed a two-headed ogre
 13852 | Orc:2    | Killed a two-headed ogre
 13863 | Orc:2    | Killed a two-headed ogre
 13976 | Orc:2    | Found a staircase to the Elven Halls.
 14083 | Orc:1    | Noticed an orc knight
 14446 | Orc:2    | Noticed an orc knight
 14448 | Orc:2    | Noticed an orc knight
 14462 | Orc:2    | Noticed an orc knight
 14467 | Orc:2    | Noticed a sun demon
 14467 | Orc:2    | Noticed an orc high priest
 14578 | Orc:1    | Killed an orc knight
 14617 | Orc:1    | Reached XP level 12. HP: 50/74 MP: 20/26
 14783 | Orc:2    | Killed an orc high priest
 14891 | Orc:2    | Noticed an orc high priest
 14908 | Orc:2    | Noticed an orc high priest
 14909 | Orc:2    | Noticed an orc high priest
 15377 | Orc:2    | Killed an orc high priest
 15452 | Orc:2    | Killed an orc high priest
 15556 | Orc:2    | Noticed an orc high priest
 15568 | Orc:2    | Killed an orc high priest
 15614 | Orc:2    | Found Peic's Food Emporium.
 15617 | Orc:2    | Found Yhetuf's Gadget Shoppe.
 15618 | Orc:2    | Found Xant's Antique Armour Emporium.
 15619 | Orc:2    | Found Viegra's Antique Armour Emporium.
 15627 | Orc:2    | Bought a shiny helmet for 255 gold pieces
 15641 | Orc:2    | Bought a runed cloak for 210 gold pieces
 15641 | Orc:2    | Bought a pair of runed gloves for 210 gold pieces
 16245 | Orc:1    | HP: 2/74 [deep elf mage/bolt of lightning (19)]
 16245 | Orc:1    | Killed from afar by a deep elf mage

Vault maps used:
D:1:      dpeg_arrival_rooms_a, serial_glass, glass_columns_b, glass_columns_a,
          cheibriados_altar_1
D:2:      overflow_temple_1_default, overflow_temple_1_default,
          uniq_crazy_yiuf_cottage
D:3:      nicolae_qazlal_style_of_elements, serial_bayou_pond_b, uniq_terence
D:4:      kennysheep_little_box, first_ration
D:5:      minmay_goblin_kobold_castle, cheibrodos_sewer_entry_bend,
          gammafunk_ghost_cemetery, serial_shops, nicolae_shop_stone
D:6:      st_stairs_6, serial_bayou_pond_b
D:7:      temple_fountains
D:8:      grunt_temple_overflow_open, uniq_prince_ribbit1, uniq_harold,
          uniq_pikel
D:9:      lemuel_doored_altar
D:10:     grunt_lair_entry_orc_guard_hut, grunt_tengu_nest, uniq_sonja,
          uniq_gastronok
D:12:     zombieorc1_lemuel, serial_shops, shop_fountains, nicolae_shop_trees,
          nicolae_shop_competitors_out_of_business, shop,
          nicolae_looking_at_the_future
Temple:   nicolae_temple_figure_eight
Orc:1:    serial_shops, shop_fountains, nicolae_orc_bridge_out,
          hangedman_minor_magic
Orc:2:    st_orc_pillars
Sewer:    sewer_co_purgy_island

Skill      XL: |  1  2  3  4  5  6  7  8  9 10 11 12 |
---------------+-------------------------------------+-----
Spellcasting   | 3 4 5 6 8 9 10 11 | 11.2
Summonings     | 4 5 6 8 9 10 11 | 11.3
Polearms       | 4 6 8 9 10 11 | 11.2
Dodging        | |  1.5
Stealth        | |  1.5

Action                   |  1- 3 |  4- 6 |  7- 9 | 10-12 || total
-------------------------+-------+-------+-------+-------++-------
Melee: Short sword       |    21 |    39 |       |       ||    60
       Halberd           |       |   103 |   693 |   649 ||  1445
       Glaive            |       |       |       |   151 ||   151
       Bardiche          |       |       |       |    86 ||    86
 Cast: Summon Small Mamm |     7 |       |       |       ||     7
       Call Imp          |    10 |    39 |    23 |    37 ||   109
       Call Canine Famil |       |    24 |    10 |    26 ||    60
       Summon Lightning  |       |       |     8 |    76 ||    84
Evoke: Wand              |       |       |       |    11 ||    11
  Use: Scroll            |       |     6 |     5 |    10 ||    21
 Stab: Distracted        |     1 |     2 |     9 |    19 ||    31
       Sleeping          |       |       |     6 |     2 ||     8
Armor: Robe              |     1 |    27 |       |     4 ||    32
       Troll leather arm |       |    31 |   382 |   412 ||   825
Dodge: Dodged            |    18 |   107 |   434 |   497 ||  1056

Table legend:
 A = Non-vault XP
 B = Vault XP
 C = Vault XP percentage of total XP
 D = Non-vault monster count
 E = Vault monster count
 F = Vault count percentage of total count
 G = Total turns spent on level
                 A         B        C        D         E       F
            +---------+---------+-------+---------+---------+-------
      Total |   16412 |   12211 |  42.7 |     302 |     187 |  38.2
            +---------+---------+-------+---------+---------+-------
        D:1 |      32 |       0 |   0.0 |      18 |       0 |   0.0
        D:2 |      62 |      42 |  40.4 |      12 |       1 |   7.7
        D:3 |     112 |      45 |  28.7 |      15 |       4 |  21.1
        D:4 |     250 |     224 |  47.3 |      21 |       1 |   4.5
        D:5 |     265 |     633 |  70.5 |      12 |      48 |  80.0
        D:6 |     431 |     437 |  50.3 |      20 |       6 |  23.1
        D:7 |     639 |       0 |   0.0 |      16 |       0 |   0.0
        D:8 |     952 |    1199 |  55.7 |      20 |       3 |  13.0
        D:9 |    1371 |       0 |   0.0 |      16 |       0 |   0.0
       D:10 |    3058 |    2241 |  42.3 |      39 |       7 |  15.2
       D:11 |    2384 |       0 |   0.0 |      18 |       0 |   0.0
       D:12 |    3040 |    1219 |  28.6 |      26 |      40 |  60.6
      Orc:1 |     798 |     979 |  55.1 |      23 |      13 |  36.1
      Orc:2 |    3018 |    5090 |  62.8 |      46 |      55 |  54.5
      Sewer |       0 |     102 | 100.0 |       0 |       9 | 100.0
            +---------+---------+-------+---------+---------+-------
